caesar, neutral male human Barbarian ----..###--.-.----..----..- --.-|.|....................| |...|.....|................| |.....|...-..h.+.-.........| #.............|...|..----- | `#-.....-.-.-..|..a..- # |..........|......| -..........|---|..| - ......--...| |..----- ..| ---- .| -...........| |..@a............| |..| -.|--|...........| -.|-.a......|.---- |..-- |.|.|--..........- |.. ...|- ........ |...| |.|.| --....|..... :.[| .|..|---- ..- ---..-- |...| #|...|..#.. .... .. .| | |....--- |...--.-|...|-....{..... | | --.--...|---|<.....-|...--..|....#%.%..-------- ...... |..----.--.--.......|.......--@....................-.-. |...| |..............%........i........................-- | ---.| --.*................................................| --- --.--.---..-.---.- --..---.------ - -- ----- ------ ---. # # caesar the Pillager Experience level: 5 Strength: 18 Dexterity: 17 Constitution: 18 Intelligence: 8 Wisdom: 8 Charisma: 6 Health: 0(60) Energy: 11(11) Def: 7 Gold: 333 Moves: 3117 Dungeon seed: ruHMd4V4vktdKUM_ Game ID: caesar_1536683441 Your Inventory: Coins $ - 333 gold pieces Weapons a - a +0 battle-axe (weapon in hands) b - a +0 short sword k - a cursed +0 mace Armor e - an uncursed +0 ring mail (being worn) q - an uncursed -1 elven leather helm u - an uncursed +0 pair of iron shoes (being worn) v - an uncursed +0 pair of leather gloves (being worn) z - an uncursed +0 orcish helm (being worn) Y - an uncursed +0 dwarvish cloak (being worn) Comestibles c - 4 uncursed food rations g - an uncursed tripe ration o - an uncursed cram ration Scrolls h - an uncursed scroll of identify y - an uncursed scroll of stinking cloud Spellbooks m - an uncursed spellbook of levitation Potions l - a blessed potion of gain energy x - an uncursed potion of healing Tools s - a +0 pick-axe w - an uncursed sack Spells and supernatural/magical abilities: Name Level Category Fail Memory W - pray for help -- divine ? -- Your skills at the end: Fighting Skills bare handed combat [Basic] Weapon Skills axe [Basic] short sword [Basic] Spellcasting Skills Final Attributes: You were piously aligned. You were poison resistant. You are dead. Vanquished creatures: a small mimic a large dog a soldier ant a bugbear a rock piercer 2 gnome lords 2 gnomish wizards a giant ant 5 dwarves an orc zombie 5 dwarf zombies a werejackal 3 iguanas an acid blob 2 coyotes a hobbit 4 manes a large kobold a giant rat 3 cave spiders 2 red molds 18 gnomes a gecko 5 jackals a kobold 3 goblins 2 sewer rats 2 grid bugs 4 lichens 7 newts 83 creatures vanquished. Voluntary challenges: You were an atheist. You used a wielded weapon 67 times, starting on turn 189. You read items or engraved 5 times, starting on turn 579. You never genocided any monsters. You never polymorphed an object. You never changed form. You used no wishes. You never split a pudding. You never wrote Elbereth's name. You never violated your personal moral code. Dungeon overview: The Dungeons of Doom: levels 1 to 5 Level 1 a long staircase Level 2 a general store Level 3 an armor shop Level 4 a fountain stairs to The Gnomish Mines Level 5 The Gnomish Mines: levels 5 to 7 Level 5 stairs to The Dungeons of Doom Level 6 Level 7 <- You were here a fountain, some trees History has recorded: On T:1 you entered the Dungeons of Doom to retrieve the Amulet of Yendor! On T:259 you reached level 2 of The Dungeons of Doom. On T:496 you advanced to experience level 2. On T:630 you advanced to experience level 3. On T:971 you reached level 3 of The Dungeons of Doom. On T:1166 you reached level 4 of The Dungeons of Doom. On T:1757 you advanced to experience level 4. On T:2132 you reached level 5 of The Dungeons of Doom. On T:2174 you reached level 1 of The Gnomish Mines. On T:2209 you advanced to experience level 5. On T:2399 you reached level 2 of The Gnomish Mines. On T:2931 you reached level 3 of The Gnomish Mines. Score breakdown: Gold: 333 ( 8584 points) Experience: 5 levels (11141 points) Exploration: 7 levels ( 14.29%) (10606 points) Discoveries: 4 items ( 1.63%) ( 3825 points) Valuables value: (no points given unless you survive) Artifact value: 0 ( 0 points) Variety of kills: 30 monsters ( 7.87%) ( 8418 points) Turncount: 3117 turns ( -656 points) Survival: died (score multiplied by 80%) Total score: 33534 Latest messages: Homeslice misses the quasit. The quasit hits homeslice. (2x) The quasit's sting was poisoned! Homeslice is killed! You hear crashing rock. You miss the winter wolf cub. The winter wolf cub bites! The soldier ant misses. The soldier ant stings! The soldier ant misses. (2x) As you read the scroll, it disappears. The cave spider bites! You kill the cave spider! The door opens. The door closes. The soldier ant bites! The soldier ant stings! You die... The sack is empty. The sack is empty. Final status: Goodbye caesar the Barbarian, killed by a soldier ant... You died in The Gnomish Mines on dungeon level 7 with 33534 points, and 333 pieces of gold, after 3117 moves. You were level 5 with a maximum of 60 hit points when you died.